 Dungeon Crawl Stone Soup version 0.21.1-1-g345015f (webtiles) character file.

632 Santangelo the Ruffian (level 7, -7/58 (59) HPs)
             Began as a Ghoul Monk on Feb 7, 2018.
             Was a Believer of Yredelemnul.
             Killed from afar by Pikel (8 damage)
             ... with a wand of acid (7)
             ... on level 5 of the Dungeon.
             The game lasted 00:29:45 (3721 turns).

Santangelo the Ruffian (Ghoul Monk)                 Turns: 3721, Time: 00:29:46

HP:   -7/58 (59)    AC:  9    Str: 16    XL:     7   Next: 49%
MP:   6/6           EV:  8    Int:  5    God:    Yredelemnul [**....]
Gold: 157           SH:  0    Dex: 12    Spells: 6/6 levels left

rFire    + . .     SeeInvis .     - Unarmed
rCold    . . .     Gourm    .   (no shield)
rNeg     + + +     Faith    .   r - +0 chain mail
rPois    ∞         Spirit   .   l - +0 helmet
rElec    .         Reflect  .   t - -2 cloak
rCorr    .         Harm     .   (no gloves)
MR       .....                  (no boots)
Stlth    ..........             (no amulet)
HPRegen  0.00/turn              i - ring of fire
MPRegen  0.10/turn              (no ring)

@: rotting
A: rotting body, claws 1, carnivore, cold resistance 1, negative energy
resistance 3, inhibited regeneration, torment resistance, unbreathing
a: Animate Remains, Recall Undead Slaves, Injury Mirror, Renounce Religion


You were on level 5 of the Dungeon.
You worshipped Yredelemnul.
Yredelemnul was pleased with you.
You were not hungry.

You visited 1 branch of the dungeon, and saw 5 of its levels.

You collected 157 gold pieces.

Inventory:

Armour
 l - a +0 helmet (worn)
 r - a +0 chain mail (worn)
 t - a -2 cloak (worn)
Jewellery
 i - a ring of fire (left claw)
Scrolls
 m - 2 scrolls of amnesia
 n - a scroll of enchant weapon
Potions
 c - 3 potions of flight
 e - 2 potions of agility
 g - 3 potions of curing
 k - 2 potions of cancellation
 o - a potion of mutation
 u - a potion of invisibility {unknown}
Comestibles
 b - 8 rations


   Skills:
 + Level 4.2 Fighting
 + Level 3.1 Armour
 + Level 3.8 Dodging
 - Level 2.1 Stealth
 + Level 7.1 Unarmed Combat


You had 6 spell levels left.
You didn't know any spells.

Dungeon Overview and Level Annotations

Branches:
Dungeon (5/15)
 Temple: D:4-7

Altars:
Cheibriados
Makhleb
Yredelemnul

Annotations:
D:5 Pikel


Innate Abilities, Weirdness & Mutations

Your body is rotting away.
You thrive on raw meat.
You are immune to poison.
You have sharp fingernails.
You are carnivorous and can eat meat at any time.
Your flesh is cold resistant. (rC+)
You are immune to negative energy. (rN+++)
You do not regenerate when monsters are visible.
You are immune to unholy pain and torment.
You can survive without breathing.


Message History

You scratch Pikel.
Pikel is lightly wounded.
The slave hits you but does no damage. The slave hits you.
Pikel hits you but does no damage.
Your chain mail prevents you from hitting Pikel.
Pikel is lightly wounded.
Pikel zaps a wand.
The bolt of acid misses you.
It is a wand of acid (8).
You scratch Pikel.
Pikel is moderately wounded.
The slave completely misses you. The slave hits you but does no damage.
The slave hits you.
Pikel zaps a wand.
The bolt of acid hits you!
You are splashed with acid!
The acid burns!
* * * LOW HITPOINT WARNING * * *
The slave hits you.
* * * LOW HITPOINT WARNING * * *
You eat one of the 9 rations.
That ration really hit the spot!
The slave completely misses you.
The slave hits you but does no damage. x2
Pikel zaps a wand.
The bolt of acid hits you!
You die...
Yredelemnul claims you as an undead slave.

#.# ####.###### #
....#..... #.
...#.#.###
##.####........#
..............####
#..#..#.........
#..pp........##.
#..@K.#.<.......
#..pp.....#..#..
...............#
#.#.....#...#......
#....#....##......
......#.._..#......
.......###∩###......
####.#. ### ......


You could see Pikel and 4 slaves.

Vanquished Creatures
  A human (D:4)
  Edmund (D:4)
  A phantom (D:4)
  2 hounds
  An orc priest (D:4)
  An iguana (D:4)
  A hound skeleton (D:4)
  5 adders
  A gnoll (D:1)
  An adder skeleton (D:3)
  2 dart slugs
  4 worms
  6 leopard geckos
  8 orcs
  A ball python (D:3)
  4 giant cockroaches
  7 goblins
  6 hobgoblins
  9 jackals
  A quokka (D:4)
  10 bats
  5 frilled lizards
  3 kobolds
  5 rats
86 creatures vanquished.

Vanquished Creatures (others)
  An orc skeleton (D:4)
1 creature vanquished.

Grand Total: 87 creatures vanquished

Notes
Turn   | Place    | Note
-------+----------+-------------------------------------------
     0 | D:1      | Santangelo the Ghoul Monk began the quest for the Orb.
     0 | D:1      | Reached XP level 1. HP: 19/19 MP: 0/0
    20 | D:1      | Reached XP level 2. HP: 10/26 MP: 1/1
   550 | D:1      | Reached XP level 3. HP: 33/33 MP: 2/2
   895 | D:2      | Reached skill level 4 in Unarmed Combat
  1056 | D:2      | Reached XP level 4. HP: 22/40 MP: 3/3
  1988 | D:3      | Found a snail-covered altar of Cheibriados.
  2079 | D:3      | Reached XP level 5. HP: 41/46 MP: 4/4
  2327 | D:3      | Reached skill level 1 in Armour
  2498 | D:4      | Reached skill level 5 in Unarmed Combat
  2708 | D:4      | Noticed a phantom
  2727 | D:4      | Killed a phantom
  2727 | D:4      | Reached XP level 6. HP: 32/52 MP: 5/5
  2875 | D:4      | Noticed Edmund
  2903 | D:4      | Killed Edmund
  2903 | D:4      | Reached skill level 6 in Unarmed Combat
  3254 | D:4      | Noticed a human
  3260 | D:4      | Found a runed door.
  3266 | D:4      | Found a basalt altar of Yredelemnul.
  3287 | D:4      | Killed a human
  3287 | D:4      | Reached XP level 7. HP: 50/59 MP: 6/6
  3307 | D:4      | Became a worshipper of Yredelemnul the Dark
  3307 | D:4      | Reached * piety under Yredelemnul
  3307 | D:4      | Reached ** piety under Yredelemnul
  3448 | D:4      | Reached skill level 7 in Unarmed Combat
  3705 | D:5      | Entered Level 5 of the Dungeon
  3705 | D:5      | Found a burning altar of Makhleb.
  3705 | D:5      | Noticed Pikel
  3720 | D:5      | HP: 1/58 [slave[Pikel] (4)]
  3721 | D:5      | Killed from afar by Pikel

Skill      XL: |  1  2  3  4  5  6  7 |
---------------+----------------------+-----
Dodging        | 3 |  3.8
Unarmed Combat | 4 5 6 7 |  7.1
Fighting       | 4 |  4.2
Armour         | 1 2 3 |  3.1
Stealth        | |  2.1

Action                   |  1- 3 |  4- 6 |  7- 9 || total
-------------------------+-------+-------+-------++-------
Melee: Unarmed           |    96 |   212 |    35 ||   343
       Punch             |     1 |     5 |       ||     6
Invok: Animate Remains   |       |       |     1 ||     1
  Use: Scroll            |       |     8 |     7 ||    15
 Stab: Sleeping          |     2 |     1 |       ||     3
  Eat: Chunk             |     5 |     6 |     3 ||    14
       Ration            |       |     1 |     1 ||     2
Armor: Robe              |     7 |       |       ||     7
       Leather armour    |    17 |    31 |       ||    48
       Chain mail        |       |     4 |    27 ||    31
Dodge: Dodged            |    55 |   145 |    15 ||   215
